| TOP OF THE 1ST |
|
Gwinnett Braves batting - Pitching for New Orleans Zephyrs : RHP John Dinsmore
|
|
Pitching: RHP John Dinsmore
|
|
|
Batting: RHB Nate Taylor
|
0-0: Ball 1-0: Ball 2-0: Ball 3-0: Base on Balls
|
|
Batting: RHB Edgar Castillo
|
0-0: Ball Wild Pitch! Nate Taylor to second 1-0: Foul Ball, location: 2F 1-1: Ball 2-1: Ball 3-1: Swinging Strike 3-2: Ground out 6-3 (Groundball, 6D, EV 103.1 MPH)
|
|
Batting: LHB Chris Locklear
|
0-0: Foul Ball, location: 2F 0-1: Foul Ball, location: 2F 0-2: Ball Wild Pitch! Nate Taylor to third 1-2: Foul Ball, location: 2F 1-2: Foul Ball, location: 2F 1-2: Fly out, F8 (Flyball, 89M, EV 80.6 MPH) Runner from 3rd tags up, SCORES, throw by CF
|
|
Batting: SHB Bob Morales
|
0-0: Foul Ball, location: 2F 0-1: Foul Ball, location: 2F 0-2: Ball 1-2: SOLO HOME RUN (Flyball, 9D, EV 99.4 MPH), Distance : 371 ft
|
|
Batting: SHB Brian Bagley
|
0-0: Ball 1-0: Ground out 4-3 (Groundball, 34D, EV 91.9 MPH)
|
| Top of the 1st over - 2 runs, 1 hit, 0 errors, 0 left on base; Gwinnett 2 - New Orleans 0 |
| BOTTOM OF THE 1ST |
|
New Orleans Zephyrs batting - Pitching for Gwinnett Braves : RHP Adam Reynolds
|
|
Pitching: RHP Adam Reynolds
|
|
|
Batting: LHB David Doge
|
0-0: Ball 1-0: Foul Ball, location: 2F 1-1: Called Strike 1-2: Ball 2-2: Ball 3-2: Foul Ball, location: 2F 3-2: Foul Ball, location: 2F 3-2: Base on Balls
|
|
Batting: RHB Orlando Landa
|
0-0: Ball 1-0: Called Strike 1-1: Foul Ball, location: 2F 1-2: Fielders Choice at 2nd, 4-6 (Groundball, 4, EV 77.5 MPH)
|
|
Batting: RHB Manuel Taveras
|
0-0: Called Strike 0-1: Swinging Strike 0-2: Foul Ball, location: 2F 0-2: Foul Ball, location: 2F 0-2: Ball 1-2: Ball 2-2: Fly out, F9 (Flyball, 9LM, EV 85.6 MPH)
|
|
Batting: RHB Adam McGurn
|
0-0: Ball 1-0: Ball 2-0: Called Strike 2-1: Called Strike Orlando Landa steals 2nd base 2-2: Ball 3-2: Foul Ball, location: 2F 3-2: Base on Balls
|
|
Batting: LHB Eric Bailey
|
0-0: Ground out U3 (Groundball, 3S, EV 85.0 MPH)
|
| Bottom of the 1st over - 0 runs, 0 hits, 0 errors, 2 left on base; Gwinnett 2 - New Orleans 0 |
| TOP OF THE 2ND |
|
Gwinnett Braves batting - Pitching for New Orleans Zephyrs : RHP John Dinsmore
|
|
Batting: RHB Alex Munoz
|
0-0: Ball 1-0: Called Strike 1-1: Foul Ball, location: 2F 1-2: Ball 2-2: Fly out, F9 (Flyball, 89D, EV 93.8 MPH)
|
|
Batting: RHB John Peterson
|
0-0: Called Strike 0-1: Ball 1-1: Ground out 6-3 (Groundball, 6S, EV 76.9 MPH)
|
|
Batting: RHB Mike Meeker
|
0-0: Ball 1-0: Ground out 6-3 (Groundball, 56, EV 85.6 MPH)
|
| Top of the 2nd over - 0 runs, 0 hits, 0 errors, 0 left on base; Gwinnett 2 - New Orleans 0 |
| BOTTOM OF THE 2ND |
|
New Orleans Zephyrs batting - Pitching for Gwinnett Braves : RHP Adam Reynolds
|
|
Batting: RHB Rick Fell
|
0-0: Ball 1-0: Called Strike 1-1: Foul Ball, location: 2F 1-2: Ball 2-2: Ground out 6-3 (Groundball, 6, EV 84.4 MPH)
|
|
Batting: RHB Isaiah Brockman
|
0-0: Fly out, F8 (Flyball, 8LXD, EV 88.8 MPH)
|
|
Batting: RHB Torquato Obawole
|
0-0: SINGLE (Flyball, 78S, EV 85.6 MPH)
|
|
Batting: RHB Masumitsu Sugiura
|
0-0: Ball 1-0: Ball 2-0: Ball 3-0: Called Strike 3-1: Swinging Strike 3-2: Base on Balls Torquato Obawole to second
|
|
Batting: LHB David Doge
|
0-0: Ball 1-0: Ground out U3 (Groundball, 34, EV 104.4 MPH)
|
| Bottom of the 2nd over - 0 runs, 1 hit, 0 errors, 2 left on base; Gwinnett 2 - New Orleans 0 |
| TOP OF THE 3RD |
|
Gwinnett Braves batting - Pitching for New Orleans Zephyrs : RHP John Dinsmore
|
|
Batting: RHB Dave Nickerson
|
0-0: Ball 1-0: Ground out 5-3 (Groundball, 56, EV 106.9 MPH)
|
|
Batting: RHB Nate Taylor
|
0-0: Ball 1-0: Foul Ball, location: 2F 1-1: Swinging Strike 1-2: Ball 2-2: Foul Ball, location: 2F 2-2: Strikes out looking
|
|
Batting: RHB Edgar Castillo
|
0-0: Ball 1-0: Called Strike 1-1: Ball 2-1: Ball 3-1: Base on Balls
|
|
Batting: LHB Chris Locklear
|
0-0: Ball 1-0: Ball 2-0: Called Strike 2-1: Ball 3-1: Fielders Choice at 2nd, 5-4 (Groundball, 56, EV 83.1 MPH)
|
| Top of the 3rd over - 0 runs, 0 hits, 0 errors, 1 left on base; Gwinnett 2 - New Orleans 0 |
| BOTTOM OF THE 3RD |
|
New Orleans Zephyrs batting - Pitching for Gwinnett Braves : RHP Adam Reynolds
|
|
Batting: RHB Orlando Landa
|
0-0: Ball 1-0: SINGLE (Line Drive, 34, EV 96.9 MPH)
|
|
Batting: RHB Manuel Taveras
|
0-0: Swinging Strike 0-1: Swinging Strike 0-2: Foul Ball, location: 2F 0-2: Ball 1-2: Foul Ball, location: 2F 1-2: Ball 2-2: Ground out 5-3 (Groundball, 56S, EV 69.4 MPH) Orlando Landa to second
|
|
Batting: RHB Adam McGurn
|
0-0: Ball 1-0: Ball 2-0: Swinging Strike 2-1: 2-RUN HOME RUN (Flyball, 7D, EV 106.9 MPH), Distance : 417 ft
|
|
Batting: LHB Eric Bailey
|
0-0: Called Strike 0-1: Ball 1-1: Called Strike 1-2: Foul Ball, location: 2F 1-2: Ball 2-2: Ball 3-2: Foul Ball, location: 2F 3-2: Strikes out swinging
|
|
Batting: RHB Rick Fell
|
0-0: Fly out, F9 (Flyball, 89D, EV 96.2 MPH)
|
| Bottom of the 3rd over - 2 runs, 2 hits, 0 errors, 0 left on base; Gwinnett 2 - New Orleans 2 |
| TOP OF THE 4TH |
|
Gwinnett Braves batting - Pitching for New Orleans Zephyrs : RHP John Dinsmore
|
|
Batting: SHB Bob Morales
|
0-0: Ball 1-0: SINGLE (Groundball, 6D, EV 103.1 MPH)
|
|
Batting: SHB Brian Bagley
|
0-0: Foul Ball, location: 2F 0-1: Ball 1-1: Reached on error, E4 (Groundball, 34, EV 104.4 MPH) Bob Morales to second
|
|
Batting: RHB Alex Munoz
|
0-0: Grounds into double play, 6-4-3 (Groundball, 6, EV 105.6 MPH) Bob Morales to third
|
|
Batting: RHB John Peterson
|
0-0: Ball 1-0: Called Strike 1-1: Ball 2-1: Swinging Strike 2-2: Foul Ball, location: 2F 2-2: Ball 3-2: Ground out 5-3 (Groundball, 5S, EV 84.4 MPH)
|
| Top of the 4th over - 0 runs, 1 hit, 1 error, 1 left on base; Gwinnett 2 - New Orleans 2 |
| BOTTOM OF THE 4TH |
|
New Orleans Zephyrs batting - Pitching for Gwinnett Braves : RHP Adam Reynolds
|
|
Batting: RHB Isaiah Brockman
|
0-0: Foul Ball, location: 2F 0-1: Fly out, F7 (Flyball, 7LS, EV 88.8 MPH)
|
|
Batting: RHB Torquato Obawole
|
0-0: Ball 1-0: DOUBLE (Line Drive, 89XD, EV 103.8 MPH)
|
|
Batting: RHB Masumitsu Sugiura
|
0-0: Ground out 4-3 (Groundball, 4, EV 90.0 MPH) Torquato Obawole to third
|
|
Batting: LHB David Doge
|
0-0: Ball 1-0: Swinging Strike 1-1: Swinging Strike 1-2: Ball 2-2: Foul Ball, location: 2F 2-2: Strikes out swinging
|
| Bottom of the 4th over - 0 runs, 1 hit, 0 errors, 1 left on base; Gwinnett 2 - New Orleans 2 |
| TOP OF THE 5TH |
|
Gwinnett Braves batting - Pitching for New Orleans Zephyrs : RHP John Dinsmore
|
|
Batting: RHB Mike Meeker
|
0-0: Ball 1-0: Called Strike 1-1: Ball 2-1: Ball 3-1: Base on Balls
|
|
Batting: RHB Dave Nickerson
|
0-0: Foul Ball, location: 2F 0-1: Ball 1-1: Fly out, F9 (Flyball, 89S, EV 88.8 MPH)
|
|
Batting: RHB Nate Taylor
|
0-0: Ball Mike Meeker steals 2nd base 1-0: Foul Ball, location: 2F 1-1: Ball 2-1: Ball Wild Pitch! Mike Meeker to third 3-1: Fly out, F8 (Flyball, 89XD, EV 88.8 MPH) Runner from 3rd tags up, SCORES, no throw by CF
|
|
Batting: RHB Edgar Castillo
|
0-0: Ball 1-0: Ball 2-0: Ball 3-0: Base on Balls
|
|
Batting: LHB Chris Locklear
|
0-0: Ball 1-0: Foul Ball, location: 2F 1-1: Swinging Strike 1-2: Foul Ball, location: 2F 1-2: Foul Ball, location: 2F 1-2: Foul Ball, location: 2F 1-2: Fly out, F8 (Flyball, 8RM, EV 91.9 MPH)
|
| Top of the 5th over - 1 run, 0 hits, 0 errors, 1 left on base; Gwinnett 3 - New Orleans 2 |
| BOTTOM OF THE 5TH |
|
New Orleans Zephyrs batting - Pitching for Gwinnett Braves : RHP Adam Reynolds
|
|
Batting: RHB Orlando Landa
|
0-0: Foul Ball, location: 2F 0-1: Ball 1-1: Foul Ball, location: 2F 1-2: SINGLE (Flyball, 89S, EV 93.1 MPH)
|
|
Batting: RHB Manuel Taveras
|
0-0: Ball 1-0: Ball 2-0: Ball 3-0: Called Strike 3-1: Foul Ball, location: 2F 3-2: Base on Balls Orlando Landa to second
|
|
Batting: RHB Adam McGurn
|
0-0: Ball 1-0: Called Strike 1-1: Foul Ball, location: 2F 1-2: Ball 2-2: Ball 3-2: Fielders Choice at 2nd, 4-6 (Groundball, 13, EV 90.0 MPH) Orlando Landa to third
|
|
Batting: LHB Eric Bailey
|
0-0: Ball 1-0: Ball 2-0: Swinging Strike 2-1: Foul Ball, location: 2F 2-2: Strikes out looking
|
|
Batting: RHB Rick Fell
|
0-0: SINGLE (Groundball, 6MD, EV 97.5 MPH) Orlando Landa scores Adam McGurn to second Runner from 2nd tries for 3rd, SAFE, throw by CF made to third
|
|
Batting: RHB Isaiah Brockman
|
0-0: Ball 1-0: Foul Ball, location: 2F 1-1: Foul Ball, location: 2F 1-2: Ball 2-2: Strikes out swinging
|
| Bottom of the 5th over - 1 run, 2 hits, 0 errors, 2 left on base; Gwinnett 3 - New Orleans 3 |
| TOP OF THE 6TH |
|
Gwinnett Braves batting - Pitching for New Orleans Zephyrs : RHP John Dinsmore
|
|
Batting: SHB Bob Morales
|
0-0: Fly out, F9 (Line Drive, 89M, EV 95.0 MPH)
|
|
Batting: SHB Brian Bagley
|
0-0: Ball 1-0: Ball 2-0: Ground out 2-3 (Groundball, 15S, EV 71.2 MPH)
|
|
Batting: RHB Alex Munoz
|
0-0: Foul Ball, location: 2F 0-1: Swinging Strike 0-2: Ball 1-2: Ball 2-2: Strikes out swinging
|
| Top of the 6th over - 0 runs, 0 hits, 0 errors, 0 left on base; Gwinnett 3 - New Orleans 3 |
| BOTTOM OF THE 6TH |
|
New Orleans Zephyrs batting - Pitching for Gwinnett Braves : RHP Adam Reynolds
|
|
Pitching: RHP Steve Dripps
|
|
|
Batting: RHB Torquato Obawole
|
0-0: Ground out 6-3 (Groundball, 6, EV 86.9 MPH)
|
|
Batting: RHB Masumitsu Sugiura
|
0-0: Ball 1-0: Foul Ball, location: 2F 1-1: Called Strike 1-2: SINGLE (Groundball, 56D, EV 99.4 MPH)
|
|
Batting: LHB David Doge
|
0-0: Ball 1-0: Ball 2-0: Ball 3-0: Called Strike 3-1: Swinging Strike 3-2: Strikes out swinging Masumitsu Sugiura steals 2nd, throwing error, E2 Masumitsu Sugiura to third
|
|
Batting: RHB Orlando Landa
|
0-0: Ball 1-0: Swinging Strike 1-1: Ball 2-1: SINGLE (Groundball, 34D, EV 106.2 MPH) Masumitsu Sugiura scores
|
|
Batting: RHB Manuel Taveras
|
0-0: Called Strike 0-1: Called Strike 0-2: SINGLE (Groundball, 34D, EV 97.5 MPH) Orlando Landa to second Orlando Landa to third
|
|
Batting: RHB Adam McGurn
|
0-0: Swinging Strike 0-1: Ball 1-1: Ball 2-1: Called Strike 2-2: Foul Ball, location: 2F 2-2: Foul Ball, location: 2F 2-2: Ball 3-2: SINGLE (Groundball, 15S, EV 64.4 MPH) (infield hit) Orlando Landa scores Manuel Taveras to second
|
|
Batting: LHB Eric Bailey
|
0-0: Foul Ball, location: 2F 0-1: Ball 1-1: Ground out 4-3 (Groundball, 4, EV 108.8 MPH)
|
| Bottom of the 6th over - 2 runs, 4 hits, 1 error, 2 left on base; Gwinnett 3 - New Orleans 5 |
| TOP OF THE 7TH |
|
Gwinnett Braves batting - Pitching for New Orleans Zephyrs : RHP John Dinsmore
|
|
Pitching: RHP Matt Murray
|
|
|
Batting: RHB John Peterson
|
0-0: Foul Ball, location: 2F 0-1: Ball 1-1: Ball 2-1: Foul Ball, location: 2F 2-2: Foul Ball, location: 2F 2-2: Foul Ball, location: 2F 2-2: Foul Ball, location: 2F 2-2: Fly out, F9 (Line Drive, 9LS, EV 100.6 MPH)
|
|
Batting: RHB Mike Meeker
|
0-0: Ground out 6-3 (Groundball, 6S, EV 75.6 MPH)
|
|
Batting: RHB Dave Nickerson
|
0-0: Ball 1-0: Ball 2-0: Foul Ball, location: 2F 2-1: Ball 3-1: Base on Balls
|
|
Batting: RHB Nate Taylor
|
0-0: SINGLE (Line Drive, 9S, EV 89.4 MPH) Dave Nickerson to second Runner from 2nd tries for 3rd, SAFE, throw by RF made to third
|
|
Pinch Hitting: LHB Evan Torraville
|
0-0: Ball 1-0: Foul Ball, location: 2F 1-1: Swinging Strike 1-2: Ball 2-2: Ball 3-2: Strikes out swinging
|
| Top of the 7th over - 0 runs, 1 hit, 0 errors, 2 left on base; Gwinnett 3 - New Orleans 5 |
| BOTTOM OF THE 7TH |
|
New Orleans Zephyrs batting - Pitching for Gwinnett Braves : RHP Steve Dripps
|
|
Now in LF: Bob Morales
|
|
|
Now in CF: Evan Torraville
|
|
|
Batting: RHB Rick Fell
|
0-0: Ball 1-0: Ball 2-0: Swinging Strike 2-1: Reached via error on a dropped throw from P, E3 (Groundball, 15S, EV 69.4 MPH)
|
|
Batting: RHB Isaiah Brockman
|
Pickoff Throw to First - Out! 1-3 CS 0-0: Ball 1-0: Ground out U3 (Groundball, 3L, EV 106.2 MPH)
|
|
Batting: RHB Torquato Obawole
|
0-0: Ground out 3-1 (Groundball, 34, EV 103.8 MPH)
|
| Bottom of the 7th over - 0 runs, 0 hits, 1 error, 0 left on base; Gwinnett 3 - New Orleans 5 |
| TOP OF THE 8TH |
|
Gwinnett Braves batting - Pitching for New Orleans Zephyrs : RHP Matt Murray
|
|
Pitching: RHP Jorge Lopez
|
|
|
Batting: LHB Chris Locklear
|
0-0: Ball 1-0: Foul Ball, location: 2F 1-1: Ground out U3 (Groundball, 34S, EV 88.1 MPH)
|
|
Batting: SHB Bob Morales
|
0-0: Called Strike 0-1: Ball 1-1: Ground out U3 (Groundball, 34, EV 78.8 MPH)
|
|
Batting: SHB Brian Bagley
|
0-0: Ball 1-0: Ball 2-0: Foul Ball, location: 2F 2-1: Called Strike 2-2: Ball 3-2: Foul Ball, location: 2F 3-2: Fly out, F7 (Flyball, 7S, EV 87.5 MPH)
|
| Top of the 8th over - 0 runs, 0 hits, 0 errors, 0 left on base; Gwinnett 3 - New Orleans 5 |
| BOTTOM OF THE 8TH |
|
New Orleans Zephyrs batting - Pitching for Gwinnett Braves : RHP Steve Dripps
|
|
Pitching: RHP Dustin Noriega
|
|
|
Batting: RHB Masumitsu Sugiura
|
0-0: Called Strike 0-1: Ball 1-1: Ball 2-1: Fly out, F5 (Popup, 5F, EV 69.4 MPH)
|
|
Batting: LHB David Doge
|
0-0: Called Strike 0-1: Foul Ball, location: 2F 0-2: Foul Ball, location: 2F 0-2: Ball 1-2: Ball 2-2: Ball 3-2: Foul Ball, location: 2F 3-2: Foul Ball, location: 2F 3-2: Base on Balls
|
|
Batting: RHB Orlando Landa
|
0-0: Ball 1-0: Called Strike 1-1: Called Strike David Doge is caught stealing 2nd base 2-4 1-2: Strikes out swinging
|
| Bottom of the 8th over - 0 runs, 0 hits, 0 errors, 0 left on base; Gwinnett 3 - New Orleans 5 |
| TOP OF THE 9TH |
|
Gwinnett Braves batting - Pitching for New Orleans Zephyrs : RHP Jorge Lopez
|
|
Pitching: RHP Giampaolo Nobile
|
|
|
Batting: RHB Alex Munoz
|
0-0: Ball 1-0: Called Strike 1-1: Ball 2-1: SINGLE (Flyball, 89S, EV 92.5 MPH)
|
|
Pinch Hitting: LHB Mark Buchholz
|
0-0: Called Strike 0-1: Ball 1-1: Ball 2-1: Swinging Strike 2-2: Ball 3-2: Foul Ball, location: 2F 3-2: Base on Balls Alex Munoz to second
|
|
Batting: RHB Mike Meeker
|
0-0: Bunted foul 0-1: Bunted foul 0-2: Ball 1-2: Ball 2-2: Fly out, F7 (Flyball, 7S, EV 79.4 MPH)
|
|
Batting: RHB Dave Nickerson
|
0-0: Called Strike 0-1: Ball 1-1: Ball 2-1: Fielders Choice at 2nd, 5-4 (Groundball, 56, EV 99.4 MPH) Alex Munoz to third
|
|
Batting: RHB Nate Taylor
|
0-0: Ball 1-0: Called Strike 1-1: Called Strike 1-2: Strikes out looking
|
| Top of the 9th over - 0 runs, 1 hit, 0 errors, 2 left on base; Gwinnett 3 - New Orleans 5 |
|